 Dungeon Crawl Stone Soup version 0.30-a0-845-g7c6808c8ce (webtiles) character file.

Game seed: 13852228205569559446

145 bande the Covered (level 5, -5/33 HPs)
             Began as a Gargoyle Fighter on Mar 2, 2023.
             Slain by an ogre
             ... wielding a +0 giant club
              (27 damage)
             ... on level 3 of the Dungeon.
             The game lasted 00:02:09 (2102 turns).

bande the Covered (Gargoyle Fighter)                Turns: 2102, Time: 00:02:10

Health: -5/33      AC: 11    Str: 20    XL:     5   Next: 27%
Magic:  5/5        EV:  9    Int:  8    God:
Gold:   85         SH:  4    Dex: 11    Spells: 4/4 levels left

rFire   . . .      SeeInvis .    a - +0 war axe
rCold   . . .      Faith    .    c - +0 buckler
rNeg    + . .      Spirit   .    b - +0 scale mail
rPois   ∞          Reflect  .    (no helmet)
rElec   +          Rampage  .    (no cloak)
rCorr   .                        (no gloves)
Will    .....                    (no boots) Stlth
                                 (no amulet)
HPRegen 0.25/turn                (no ring)
MPRegen 0.09/turn                (no ring)

@: no status effects
A: sickness immunity, AC +4, negative energy resistance 1, electricity
resistance, torment resistance 1, petrification resistance
a: no special abilities


You were on level 3 of the Dungeon.
You visited 1 branch of the dungeon, and saw 3 of its levels.

You collected 85 gold pieces.

Inventory:

Hand Weapons
 a - a +0 war axe (weapon)
Armour
 b - a +0 scale mail (worn)
 c - a +0 buckler (worn)
Scrolls
 e - 2 scrolls of vulnerability {unknown}
 f - a scroll of teleportation {unknown}
 g - a scroll of poison {unknown}
 i - a scroll of amnesia {unknown}
 l - a scroll of fear {unknown}
 n - a scroll of identify {unknown}
Potions
 d - a potion of might
 h - a potion of magic {unknown}
 j - a potion of mutation {unknown}
 k - 2 potions of brilliance {unknown}
 m - a potion of berserk rage {unknown}
 o - a potion of curing {unknown}


   Skills:
 + Level 3.9 Fighting
 + Level 3.6 Axes
 + Level 4.1 Armour
 + Level 3.8 Shields


You had 4 spell levels left.
You didn't know any spells.
Your spell library contained the following spells:

 Spells                   Type           Power      Damage    Failure   Level
 Beastly Appendage        Tmut           0%         N/A       85%         1
 Wereblood                Tmut           0%         N/A       94%         2
 Dazzling Flash           Conj/Hex       0%         N/A       99%         3
 Spider Form              Tmut/Pois      0%         N/A       99%         3
 Agony                    Necr           0%         N/A       100%        5
 Silence                  Hex/Air        0%         N/A       100%        5


Dungeon Overview and Level Annotations

Branches:
Dungeon (3/15)

Altars:

Shops:
D:1 ?   D:3 :


Innate Abilities, Weirdness & Mutations

You are immune to sickness and miasma.
Your stone body is resilient. (AC +4)
You are immune to poison.
You resist negative energy. (rN+)
You are resistant to electric shocks. (rElec)
You are resistant to unholy torment.
You are immune to petrification.


Message History

No target in view!
No target in view!
You start resting.
HP restored.
Things that are here:
a +0 club; a +0 robe
Found a falchion.
Found Vailot's Book Emporium.
Found a club.
No target in view!
o - a clear potion
There is an entrance to Vailot's Book Emporium here.
You now have 85 gold pieces (gained 5).
You open the door.
An endoplasm comes into view.
An endoplasm is nearby!
You hit the endoplasm.
The endoplasm is almost dead.
The endoplasm hits you but does no damage.
You slash the endoplasm!
You kill the endoplasm!
No target in view!
No target in view!
No target in view!
An orc comes into view. It is wielding a +0 hand axe.
The orc shouts!
An orc is nearby!
An ogre comes into view. It is wielding a +0 giant club.
The ogre shouts!
The orc hits you with a +0 hand axe.
You closely miss the orc. You block the orc's attack.
You slash the ogre!
The ogre is moderately wounded.
You barely miss the orc. The ogre hits you with a +0 giant club!
You block the orc's attack.
You slash the ogre!
The ogre is severely wounded.
You closely miss the orc. The orc closely misses you.
The ogre hits you with a +0 giant club!!
Ouch! That really hurt!
You die...

#.......#
#.......#
#.......#.
+.........
#.......#
#.......#
###.oO....#
#...@# #....# .
#....# .. #....#
...
#######....##...
......'.......#
.######....######
##.........
#.############


You could see an ogre and an orc.

Vanquished Creatures
  A hound (D:3)
  Jessica (D:3)
  Terence (D:2)
  2 adders
  An orc (D:3)
  11 ball pythons
  5 bats
  5 endoplasms
  2 giant cockroaches
  3 goblins
  2 hobgoblins
  2 kobolds (D:1)
  3 quokkas
  2 frilled lizards
  6 rats
47 creatures vanquished.

Notes
Turn   | Place    | Note
-------+----------+-------------------------------------------
     0 | D:1      | bande the Gargoyle Fighter began the quest for the Orb.
     0 | D:1      | Reached XP level 1. HP: 14/14 MP: 1/1
   127 | D:1      | Found Teemnowi's Magic Scroll Emporium.
   186 | D:1      | Reached XP level 2. HP: 19/19 MP: 2/2
   819 | D:2      | Noticed Terence
   830 | D:2      | Reached XP level 3. HP: 16/23 MP: 3/3
   833 | D:2      | Killed Terence
  1240 | D:2      | Reached XP level 4. HP: 24/29 MP: 4/4
  2012 | D:3      | Noticed Jessica
  2016 | D:3      | Killed Jessica
  2017 | D:3      | Reached skill level 4 in Armour
  2023 | D:3      | Reached XP level 5. HP: 22/33 MP: 5/5
  2066 | D:3      | Found Vailot's Book Emporium.
  2098 | D:3      | Noticed an ogre
  2102 | D:3      | Slain by an ogre

Illustrated notes

Levels and vault maps discovered:
D:1:      matt_arrival_spirals, layout_basic, serial_shops,
          nicolae_shop_temple_entry_statues_fountains
D:2:      layout_basic, hangedman_decor_push, uniq_terence
D:3:      layout_basic, overflow_temple_1_default, serial_shops, shop,
          nicolae_underground_beach, uniq_jessica

Skill      XL: |  1  2  3  4 |
---------------+-------------+-----
Axes           | 2 3 |  3.6
Armour         | 4 |  4.1
Fighting       | |  3.9
Shields        | |  3.8

Action                     |  1- 3 |  4- 6 || total
---------------------------+-------+-------++-------
  Melee: War axe           |   123 |    55 ||   178
 Armour: Scale mail        |    75 |    33 ||   108
  Dodge: Dodged            |    58 |    25 ||    83
  Block: Buckler           |    41 |    17 ||    58

Table legend: (Time is in decaauts)
 A = Elapsed time spent in this place.
 B = Non-inter-level travel time spent in this place.
 C = Inter-level travel time spent in this place.
 D = Time resting spent in this place.
 E = Time spent auto-exploring this place.
 F = Levels seen in this place.
 G = Mean time per level.
                   A        B        C        D        E       F      G
               +--------+--------+--------+--------+--------+-----+--------+
         Total |   2175 |   2151 |     24 |    118 |   1606 |   3 |  725.0 |
       Dungeon |   2175 |   2151 |     24 |    118 |   1606 |   3 |  725.0 |
               +--------+--------+--------+--------+--------+-----+--------+

Top non-repeatable levels by time:
     D:2: 1025 daAuts
     D:1: 850 daAuts
     D:3: 299 daAuts
